Bruins vs Canucks
(R1)
Created - December 12, 2021 at 09:16
Goals
|
| Bruins |
0 |
2 |
2 |
4 |
| Canucks |
3 |
0 |
3 |
6 |
|
Shots
|
| Bruins |
14 |
9 |
11 |
34 |
| Canucks |
13 |
13 |
12 |
38 |
|
1st period
1. Canucks , Cody Eakin 2 (Fabian Brunnstrom 1, Michael Kostka 2) at 9:40
2. Canucks , Brad Boyes 1 (Cody Eakin 1, Maxim Talbot 3) at 11:21
3. Canucks , Brad Boyes 2 (Cody Eakin 2) at 17:27
Penalties :
Kevin Hayes (Bos) for Holding (Minor) at 6:24, Jonathan Toews (Bos) for Roughing (Minor) at 11:43
2nd period
4. Bruins , Jason Demers 1 (Jonathan Toews 6, Kevin Poulin) at 2:40 (PP)
5. Bruins , Zack Kassian 5 (Jonathan Toews 7, Jason Demers 1) at 9:47
Penalties :
Fabian Brunnstrom (Van) for Holding (Minor) at 2:22, Alex Goligoski (Van) for Hooking (Minor) at 5:46, Brad Boyes (Van) for Slashing (Minor) at 10:25, Brad Boyes (Van) for High sticking (Minor) at 13:05, Kevin Hayes (Bos) for Holding Stick (Minor) at 15:50
3rd period
6. Bruins , Kevin Hayes 1 (Torey Krug 1, Scott Hartnell 1) at 5:51
7. Canucks , Alex Goligoski 1 (Robert Nilsson 4) at 6:29 (PP)
8. Bruins , Scott Hartnell 1 (Kevin Hayes 2, Madison Bowey 1) at 9:51
9. Canucks , Alex Goligoski 2 (Sam Gagner 4, Robert Nilsson 5) at 9:57
10. Canucks , Brad Boyes 3 (Jeff Schultz 1, Cody Eakin 3) at 11:02 (PP)
Penalties :
Jonathan Toews (Bos) for Delaying the game (Minor) at 6:15, Jason Demers (Bos) for Hooking (Minor) at 10:31
Goalie Stats
Kevin Poulin (Bos), 32 saves from 38 shots - (0.842), L, 1-2-0, 60:00 minutes
Cory Schneider (Van), 30 saves from 34 shots - (0.882), W, 2-2-0, 60:00 minutes
Players Stats for Bruins
Player Name G A P +/- PIM S H SB GA TA FO MP PP MP PK MP
------------------------------------------------------------------------------------
Adam Pelech 0 0 0 0 0 0 0 0 0 0 0/0 3:31 0:07 0:00
Alex Petrovic 0 0 0 0 0 0 0 1 0 1 0/0 10:30 0:00 0:31
Andrei Kostitsyn 0 0 0 -1 0 1 1 0 0 0 1/1 12:10 0:19 0:08
Brendan Smith 0 0 0 1 0 1 1 0 1 0 0/0 28:09 3:55 3:59
Casey Cizikas 0 0 0 -1 0 2 1 0 0 0 5/9 11:54 0:00 0:48
Jason Demers 1 1 2 1 2 3 0 1 0 3 0/0 28:44 3:55 3:28
Jonathan Toews 0 2 2 0 4 3 0 0 0 0 11/27 19:07 3:27 1:23
Josh Manson 0 0 0 0 0 0 0 2 0 1 0/0 9:58 0:00 0:00
Kevin Hayes 1 1 2 0 4 6 1 0 0 0 12/16 17:43 2:38 0:00
Kris Chucko 0 0 0 0 0 4 1 0 0 0 0/0 7:11 0:00 0:00
Madison Bowey 0 1 1 -2 0 1 0 2 0 0 0/0 20:09 2:20 2:43
Matt Read 0 0 0 -1 0 3 2 0 0 1 1/1 11:59 0:10 0:00
Mikael Backlund 0 0 0 0 0 0 2 0 0 0 0/2 6:27 0:00 0:00
Scott Hartnell 1 1 2 0 0 3 1 1 0 0 0/1 19:10 2:38 2:03
Torey Krug 0 1 1 -2 0 2 1 1 1 1 0/0 20:09 2:20 2:43
Victor Oreskovich 0 0 0 0 0 1 2 0 0 1 1/1 16:47 2:38 0:00
Wojtek Wolski 0 0 0 0 0 1 1 0 0 0 5/9 27:04 3:21 4:31
Zack Kassian 1 0 1 0 0 3 0 0 0 0 1/1 22:31 3:27 4:31
Players Stats for Canucks
Player Name G A P +/- PIM S H SB GA TA FO MP PP MP PK MP
------------------------------------------------------------------------------------
Alex Goligoski 2 0 2 0 2 6 1 0 2 0 0/0 28:59 4:27 2:26
Antoine Vermette 0 0 0 0 0 0 0 0 0 0 1/1 8:18 0:00 2:08
Ben Lovejoy 0 0 0 2 0 2 1 1 0 0 0/0 10:45 0:00 0:30
Brad Boyes 3 0 3 2 4 9 1 0 1 0 0/0 18:46 3:32 0:22
Brandon Saad 0 0 0 -1 0 0 0 0 0 0 0/0 11:36 0:00 1:18
Brendan Lemieux 0 0 0 0 0 0 0 0 0 0 0/1 5:18 0:00 0:00
Cam Barker 0 0 0 -1 0 2 0 1 0 0 0/0 19:23 2:15 2:25
Cody Eakin 1 3 4 2 0 3 2 0 1 0 6/12 17:19 3:32 0:03
Fabian Brunnstrom 0 1 1 2 2 3 3 1 1 0 1/1 17:19 3:32 0:00
Ilya Kovalchuk 0 0 0 0 0 2 3 0 0 0 0/2 23:26 3:06 3:23
J.T. Brown 0 0 0 0 0 0 1 0 0 1 0/0 5:37 0:04 0:00
Jason Akeson 0 0 0 -1 0 1 0 0 1 0 0/0 10:31 0:04 0:00
Jeff Schultz 0 1 1 0 0 2 2 0 0 0 0/0 30:24 4:27 3:50
Maxim Talbot 0 1 1 -1 0 0 0 1 0 0 2/8 10:35 0:04 0:00
Michael Kostka 0 1 1 -1 0 2 2 1 0 0 0/0 19:23 2:15 2:25
Robert Nilsson 0 2 2 0 0 5 2 0 2 0 21/41 23:26 3:06 3:23
Sam Gagner 0 1 1 0 0 1 0 0 0 1 0/2 21:29 3:06 1:53
Yann Sauvé 0 0 0 2 0 0 1 0 0 0 0/0 11:07 0:00 0:54
3 Stars
1 - Cody Eakin (Van)
2 - Brad Boyes (Van)
3 - Alex Goligoski (Van)
Power Play
Bruins - 1 on 4 Attempt(s) - 25.00%
Canucks - 2 on 5 Attempt(s) - 40.00%
Penalty Kill
Bruins - 3 on 5 Attempt(s) - 60.00%
- Score 0 goal in Penalty Kill
Canucks - 3 on 4 Attempt(s) - 75.00%
- Score 0 goal in Penalty Kill
Team Stat
Bruins - Hits : 14 - Faceoff Wins : 37 - Blocked Shots : 8 - Penalty Minutes : 10
Canucks - Hits : 19 - Faceoff Wins : 31 - Blocked Shots : 5 - Penalty Minutes : 8
Official
Referees : Corey Syvret and Brandon Schrader
Linesman : Matt MacPherson and Andrew Smith
Game Notes
Brad Boyes has scored a Hat Trick!
Finance
Level 1 -- Attendance: 5748 (95.80%) -- Ticket Income $574,800
Level 2 -- Attendance: 4857 (97.14%) -- Ticket Income $291,420
Level 3 -- Attendance: 1864 (93.20%) -- Ticket Income $65,240
Level 4 -- Attendance: 4000 (100.00%) -- Ticket Income $100,000
Luxury Box -- Attendance: 1000 (100.00%) -- Ticket Income $200,000
Game was played at the Rodgers Arena.
Total Attendance: 17469 (97.05%)
Total Ticket Income: $1,231,460
Other Income: $184,719
Total Income: $1,416,179
Bruins
5 vs 5 Forward
Center Left Wing Right Wing Time % Phy DF OF
1 Jonathan Toews Wojtek Wolski Zack Kassian 40 1 2 2
2 Kevin Hayes Scott Hartnell Victor Oreskovich 30 1 2 2
3 Casey Cizikas Andrei Kostitsyn Matt Read 20 1 2 2
4 Mikael Backlund Kris Chucko Wojtek Wolski 10 1 2 2
5 vs 5 Defense
Defense Defense Time % Phy DF OF
1 Jason Demers Brendan Smith 40 1 2 2
2 Torey Krug Madison Bowey 30 1 2 2
3 Josh Manson Alex Petrovic 20 1 2 2
4 Adam Pelech Jason Demers 10 1 2 2
PowerPlay Forward
Center Left Wing Right Wing Time % Phy DF OF
1 Jonathan Toews Wojtek Wolski Zack Kassian 60 1 2 2
2 Kevin Hayes Scott Hartnell Victor Oreskovich 40 1 2 2
PowerPlay Defense
Defense Defense Time % Phy DF OF
1 Jason Demers Brendan Smith 60 1 2 2
2 Torey Krug Madison Bowey 40 1 2 2
Penalty Kill 4 Players Forward
Center Wing Time % Phy DF OF
1 Wojtek Wolski Zack Kassian 60 1 2 2
2 Jonathan Toews Scott Hartnell 40 1 2 2
Penalty Kill 4 Players Defense
Defense Defense Time % Phy DF OF
1 Jason Demers Brendan Smith 60 1 2 2
2 Torey Krug Madison Bowey 40 1 2 2
Penalty Kill - 3 Players Forward
Forward Time % Phy DF OF
1 Wojtek Wolski 60 1 2 2
2 Zack Kassian 40 1 2 2
Penalty Kill - 3 Players Defense
Defense Defense Time % Phy DF OF
1 Jason Demers Brendan Smith 60 1 2 2
2 Torey Krug Madison Bowey 40 1 2 2
4 vs 4 Forward
Center Wing Time % Phy DF OF
1 Wojtek Wolski Zack Kassian 60 1 2 2
2 Jonathan Toews Scott Hartnell 40 1 2 2
4 vs 4 Defense
Defense Defense Time % Phy DF OF
1 Jason Demers Brendan Smith 60 1 2 2
2 Torey Krug Madison Bowey 40 1 2 2
Last Minutes Offensive
Center Left Wing Right Wing Defense Defense
Jonathan Toews Wojtek Wolski Zack Kassian Jason Demers Brendan Smith
Last Minutes Defensive
Center Left Wing Right Wing Defense Defense
Jonathan Toews Wojtek Wolski Zack Kassian Jason Demers Brendan Smith
Goaltenders
Starting : Kevin Poulin
Backup : Antti Niemi
Extra Forwards
Normal : Andrei Kostitsyn, Matt Read, Casey Cizikas - PP : Andrei Kostitsyn, Matt Read - PK : Casey Cizikas
Extra Defensemen
Normal : Josh Manson, Alex Petrovic, Adam Pelech - PP : Josh Manson - PK : Alex Petrovic, Adam Pelech
Penalty Shots
Wojtek Wolski, Zack Kassian, Jonathan Toews, Scott Hartnell, Kevin Hayes
Scratches
None
Canucks
5 vs 5 Forward
Center Left Wing Right Wing Time % Phy DF OF
1 Robert Nilsson Sam Gagner Ilya Kovalchuk 40 1 2 2
2 Cody Eakin Fabian Brunnstrom Brad Boyes 30 1 2 2
3 Maxim Talbot Brandon Saad Jason Akeson 20 1 2 2
4 Antoine Vermette Brendan Lemieux J.T. Brown 10 1 2 2
5 vs 5 Defense
Defense Defense Time % Phy DF OF
1 Jeff Schultz Alex Goligoski 40 1 2 2
2 Michael Kostka Cam Barker 30 1 2 2
3 Ben Lovejoy Yann Sauvé 20 1 2 2
4 Jeff Schultz Alex Goligoski 10 1 2 2
PowerPlay Forward
Center Left Wing Right Wing Time % Phy DF OF
1 Robert Nilsson Sam Gagner Ilya Kovalchuk 60 1 2 2
2 Cody Eakin Fabian Brunnstrom Brad Boyes 40 1 2 2
PowerPlay Defense
Defense Defense Time % Phy DF OF
1 Jeff Schultz Alex Goligoski 60 1 2 2
2 Michael Kostka Cam Barker 40 1 2 2
Penalty Kill 4 Players Forward
Center Wing Time % Phy DF OF
1 Robert Nilsson Ilya Kovalchuk 60 1 2 2
2 Sam Gagner Brad Boyes 40 1 2 2
Penalty Kill 4 Players Defense
Defense Defense Time % Phy DF OF
1 Jeff Schultz Alex Goligoski 60 1 2 2
2 Michael Kostka Cam Barker 40 1 2 2
Penalty Kill - 3 Players Forward
Forward Time % Phy DF OF
1 Robert Nilsson 60 1 2 2
2 Ilya Kovalchuk 40 1 2 2
Penalty Kill - 3 Players Defense
Defense Defense Time % Phy DF OF
1 Jeff Schultz Alex Goligoski 60 1 2 2
2 Michael Kostka Cam Barker 40 1 2 2
4 vs 4 Forward
Center Wing Time % Phy DF OF
1 Robert Nilsson Ilya Kovalchuk 60 1 2 2
2 Sam Gagner Brad Boyes 40 1 2 2
4 vs 4 Defense
Defense Defense Time % Phy DF OF
1 Jeff Schultz Alex Goligoski 60 1 2 2
2 Michael Kostka Cam Barker 40 1 2 2
Last Minutes Offensive
Center Left Wing Right Wing Defense Defense
Robert Nilsson Sam Gagner Ilya Kovalchuk Jeff Schultz Alex Goligoski
Last Minutes Defensive
Center Left Wing Right Wing Defense Defense
Robert Nilsson Sam Gagner Ilya Kovalchuk Jeff Schultz Alex Goligoski
Goaltenders
Starting : Cory Schneider
Backup : Alexandar Georgiev
Extra Forwards
Normal : Jason Akeson, Maxim Talbot, Antoine Vermette - PP : Jason Akeson, Maxim Talbot - PK : Antoine Vermette
Extra Defensemen
Normal : Ben Lovejoy, Yann Sauvé, Michael Kostka - PP : Ben Lovejoy - PK : Yann Sauvé, Michael Kostka
Penalty Shots
Robert Nilsson, Ilya Kovalchuk, Sam Gagner, Brad Boyes, Jason Akeson
Scratches
Gustav Nyquist (Healthy), Mike Brown (Healthy), Mike Cammalleri (Healthy), Simon Despres (Healthy), Pekka Rinne (Healthy)
% Time on Ice - Bruins
Lines # - Real PCT - Wanted PCT - Time Play
Normal Forward
1 - 32% - 40% - 14:58
2 - 36% - 30% - 16:50
3 - 20% - 20% - 9:21
4 - 13% - 10% - 5:54
Normal Defense
1 - 43% - 40% - 20:15
2 - 32% - 30% - 15:06
3 - 19% - 20% - 9:05
4 - 6% - 10% - 2:37
PP Forward
1 - 58% - 60% - 3:37
2 - 42% - 40% - 2:38
PP Defense
1 - 63% - 60% - 3:55
2 - 37% - 40% - 2:20
PK Forward
1 - 69% - 60% - 4:39
2 - 31% - 40% - 2:03
PK Defense
1 - 59% - 60% - 3:59
2 - 41% - 40% - 2:43
PK3 Forward
1 - 0% - 60%
2 - 0% - 40%
PK3 Defense
1 - 0% - 60%
2 - 0% - 40%
44 Forward
1 - 0% - 60%
2 - 0% - 40%
44 Defense
1 - 0% - 60%
2 - 0% - 40%
Last Minute Offensive - 0:00
Last Minute Defensive - 0:00
Total
Forward - 60:00
Defense - 60:00
|
% Time on Ice - Canucks
Lines # - Real PCT - Wanted PCT - Time Play
Normal Forward
1 - 38% - 40% - 18:04
2 - 29% - 30% - 13:52
3 - 21% - 20% - 9:49
4 - 11% - 10% - 5:18
Normal Defense
1 - 42% - 40% - 19:40
2 - 31% - 30% - 14:43
3 - 22% - 20% - 10:13
4 - 5% - 10% - 2:27
PP Forward
1 - 47% - 60% - 3:10
2 - 53% - 40% - 3:32
PP Defense
1 - 66% - 60% - 4:27
2 - 34% - 40% - 2:15
PK Forward
1 - 70% - 60% - 4:22
2 - 30% - 40% - 1:53
PK Defense
1 - 61% - 60% - 3:50
2 - 39% - 40% - 2:25
PK3 Forward
1 - 0% - 60%
2 - 0% - 40%
PK3 Defense
1 - 0% - 60%
2 - 0% - 40%
44 Forward
1 - 0% - 60%
2 - 0% - 40%
44 Defense
1 - 0% - 60%
2 - 0% - 40%
Last Minute Offensive - 0:00
Last Minute Defensive - 0:00
Total
Forward - 60:00
Defense - 60:00
|
Play-by-Play
1st period
0:01 of 1st period - Jonathan Toews wins face-off versus Robert Nilsson in neutral zone.
0:06 of 1st period - Slapshot by Jonathan Toews.
0:06 of 1st period - Stopped by Cory Schneider without a rebound.
0:07 of 1st period - Robert Nilsson wins face-off versus Jonathan Toews in Canucks zone.
0:30 of 1st period - Snap shot by Jonathan Toews.
0:30 of 1st period - Stopped by Cory Schneider with a rebound.
0:32 of 1st period - Snap shot by Jason Demers.
0:32 of 1st period - Stopped by Cory Schneider with a rebound.
0:34 of 1st period - Slapshot by Jason Demers.
0:34 of 1st period - Shot Misses the Net.
0:36 of 1st period - Slapshot by Jason Demers.
0:36 of 1st period - Shot Misses the Net.
1:18 of 1st period - Snap shot by Robert Nilsson.
1:18 of 1st period - Shot Misses the Net.
2:18 of 1st period - Wrist shot by Wojtek Wolski.
2:18 of 1st period - Stopped by Cory Schneider without a rebound.
2:19 of 1st period - Kevin Hayes wins face-off versus Cody Eakin in Canucks zone.
2:50 of 1st period - Off-side.
2:51 of 1st period - Casey Cizikas wins face-off versus Maxim Talbot in neutral zone.
3:04 of 1st period - Wrist shot by Jason Akeson.
3:04 of 1st period - Stopped by Kevin Poulin with a rebound.
3:24 of 1st period - Snap shot by Cody Eakin.
3:24 of 1st period - Stopped by Kevin Poulin without a rebound.
3:25 of 1st period - Kevin Hayes wins face-off versus Cody Eakin in Bruins zone.
3:50 of 1st period - Slapshot by Casey Cizikas.
3:50 of 1st period - Shot Misses the Net.
3:52 of 1st period - Wrist shot by Casey Cizikas.
3:52 of 1st period - Deflect By Andrei Kostitsyn.
3:52 of 1st period - Shot Misses the Net.
3:52 of 1st period - Puck is out of play.
3:53 of 1st period - Antoine Vermette wins face-off versus Casey Cizikas in Canucks zone.
3:58 of 1st period - Snap shot by J.T. Brown.
3:58 of 1st period - Shot Misses the Net.
4:04 of 1st period - Wrist shot by Andrei Kostitsyn.
4:04 of 1st period - Stopped by Cory Schneider with a rebound.
4:06 of 1st period - Wrist shot by Matt Read.
4:06 of 1st period - Stopped by Cory Schneider without a rebound.
4:07 of 1st period - Kevin Hayes wins face-off versus Maxim Talbot in Canucks zone.
4:12 of 1st period - Wrist shot by Kevin Hayes.
4:12 of 1st period - Stopped by Cory Schneider with a rebound.
4:14 of 1st period - Snap shot by Scott Hartnell.
4:14 of 1st period - Stopped by Cory Schneider without a rebound.
4:15 of 1st period - Kevin Hayes wins face-off versus Maxim Talbot in Canucks zone.
4:42 of 1st period - Slapshot by Wojtek Wolski.
4:42 of 1st period - Deflect By Kris Chucko.
4:42 of 1st period - Stopped by Cory Schneider with a rebound.
4:50 of 1st period - Slapshot by Cody Eakin.
4:50 of 1st period - Stopped by Kevin Poulin without a rebound.
4:51 of 1st period - Casey Cizikas wins face-off versus Brendan Lemieux in Bruins zone.
4:56 of 1st period - Michael Kostka is hit by Andrei Kostitsyn and loses puck.
5:22 of 1st period - Snap shot by Cody Eakin.
5:22 of 1st period - Shot Blocked by Josh Manson.
5:24 of 1st period - Wrist shot by Cam Barker.
5:24 of 1st period - Shot Misses the Net.
5:26 of 1st period - Snap shot by Fabian Brunnstrom.
5:26 of 1st period - Stopped by Kevin Poulin with a rebound.
5:28 of 1st period - Wrist shot by Brad Boyes.
5:28 of 1st period - Stopped by Kevin Poulin without a rebound.
5:29 of 1st period - Kevin Hayes wins face-off versus Maxim Talbot in Bruins zone.
5:29 of 1st period - Kevin Hayes is hit by Ben Lovejoy.
5:37 of 1st period - Kevin Hayes is hit by Yann Sauvé and loses puck.
5:56 of 1st period - Brad Boyes is hit by Mikael Backlund and loses puck.
6:06 of 1st period - Off-side.
6:07 of 1st period - Robert Nilsson wins face-off versus Kevin Hayes in neutral zone.
6:22 of 1st period - Backhand shot by Sam Gagner.
6:22 of 1st period - Stopped by Kevin Poulin with a rebound.
6:24 of 1st period - Minor Penalty to Kevin Hayes for Holding.
6:25 of 1st period - Robert Nilsson wins face-off versus Wojtek Wolski in Bruins zone.
7:01 of 1st period - Snap shot by Cody Eakin.
7:01 of 1st period - Shot Misses the Net.
7:16 of 1st period - Icing by Ilya Kovalchuk.
7:17 of 1st period - Wojtek Wolski wins face-off versus Robert Nilsson in Canucks zone.
8:24 of 1st period - Penalty to Kevin Hayes is over, Kevin Hayes is back on ice.
8:34 of 1st period - Wojtek Wolski is hit by Jeff Schultz and loses puck.
9:01 of 1st period - Wrist shot by Kevin Hayes.
9:01 of 1st period - Stopped by Cory Schneider without a rebound.
9:02 of 1st period - Casey Cizikas wins face-off versus Robert Nilsson in Canucks zone.
9:18 of 1st period - Slapshot by Madison Bowey.
9:18 of 1st period - Stopped by Cory Schneider with a rebound.
9:28 of 1st period - Victor Oreskovich is hit by Cody Eakin.
9:38 of 1st period - Snap shot by Fabian Brunnstrom.
9:38 of 1st period - Shot Misses the Net.
9:40 of 1st period - Wrist shot by Cody Eakin.
9:40 of 1st period - Goal by Cody Eakin - Bruins : 0 - Canucks : 1.
9:41 of 1st period - Robert Nilsson wins face-off versus Casey Cizikas in neutral zone.
10:13 of 1st period - Icing by Alex Goligoski.
10:14 of 1st period - Cody Eakin wins face-off versus Jonathan Toews in Canucks zone.
10:31 of 1st period - Wrist shot by Zack Kassian.
10:31 of 1st period - Stopped by Cory Schneider without a rebound.
10:32 of 1st period - Robert Nilsson wins face-off versus Kevin Hayes in Canucks zone.
11:21 of 1st period - Snap shot by Brad Boyes.
11:21 of 1st period - Goal by Brad Boyes - Bruins : 0 - Canucks : 2.
11:22 of 1st period - Wojtek Wolski wins face-off versus Robert Nilsson in neutral zone.
11:34 of 1st period - Off-side.
11:35 of 1st period - Robert Nilsson wins face-off versus Jonathan Toews in neutral zone.
11:43 of 1st period - Minor Penalty to Jonathan Toews for Roughing.
11:44 of 1st period - Wojtek Wolski wins face-off versus Robert Nilsson in Bruins zone.
11:56 of 1st period - Snap shot by Sam Gagner.
11:56 of 1st period - Shot Misses the Net.
12:00 of 1st period - Wrist shot by Robert Nilsson.
12:00 of 1st period - Stopped by Kevin Poulin with a rebound.
12:45 of 1st period - Torey Krug is hit by Ilya Kovalchuk and loses puck.
13:06 of 1st period - Sam Gagner is hit by Casey Cizikas and loses puck.
13:29 of 1st period - Brad Boyes is hit by Wojtek Wolski and loses puck.
13:42 of 1st period - Slapshot by Alex Goligoski.
13:42 of 1st period - Shot Blocked by Torey Krug.
13:43 of 1st period - Penalty to Jonathan Toews is over, Jonathan Toews is back on ice.
14:08 of 1st period - Snap shot by Brendan Lemieux.
14:08 of 1st period - Shot Misses the Net.
14:59 of 1st period - Victor Oreskovich is hit by J.T. Brown and loses puck.
15:16 of 1st period - Wrist shot by Kris Chucko.
15:16 of 1st period - Stopped by Cory Schneider with a rebound.
15:18 of 1st period - Slapshot by Josh Manson.
15:18 of 1st period - Shot Blocked by Maxim Talbot.
16:12 of 1st period - Slapshot by Alex Goligoski.
16:12 of 1st period - Deflect By Jonathan Toews.
16:12 of 1st period - Stopped by Kevin Poulin with a rebound.
16:28 of 1st period - Robert Nilsson is hit by Kris Chucko and loses puck.
16:46 of 1st period - Icing by Ben Lovejoy.
16:47 of 1st period - Maxim Talbot wins face-off versus Casey Cizikas in Canucks zone.
16:52 of 1st period - Wrist shot by Casey Cizikas.
16:52 of 1st period - Shot Blocked by Ben Lovejoy.
16:54 of 1st period - Slapshot by Brendan Smith.
16:54 of 1st period - Stopped by Cory Schneider with a rebound.
16:56 of 1st period - Slapshot by Brendan Smith.
16:56 of 1st period - Shot Misses the Net.
17:08 of 1st period - Sam Gagner is hit by Mikael Backlund and loses puck.
17:27 of 1st period - Slapshot by Brad Boyes.
17:27 of 1st period - Goal by Brad Boyes - Bruins : 0 - Canucks : 3.
17:28 of 1st period - Robert Nilsson wins face-off versus Jonathan Toews in neutral zone.
17:31 of 1st period - Slapshot by Jeff Schultz.
17:31 of 1st period - Shot Blocked by Jason Demers.
17:41 of 1st period - Snap shot by Wojtek Wolski.
17:41 of 1st period - Shot Misses the Net.
17:43 of 1st period - Slapshot by Brendan Smith.
17:43 of 1st period - Shot Misses the Net.
18:10 of 1st period - Matt Read is hit by Fabian Brunnstrom and loses puck.
19:18 of 1st period - Snap shot by Fabian Brunnstrom.
19:18 of 1st period - Stopped by Kevin Poulin with a rebound.
19:20 of 1st period - Slapshot by Michael Kostka.
19:20 of 1st period - Stopped by Kevin Poulin without a rebound.
19:21 of 1st period - Robert Nilsson wins face-off versus Kevin Hayes in Bruins zone.
19:26 of 1st period - Snap shot by Robert Nilsson.
19:26 of 1st period - Deflect By Sam Gagner.
19:26 of 1st period - Shot Misses the Net.
19:26 of 1st period - Puck is out of play.
19:27 of 1st period - Kevin Hayes wins face-off versus Robert Nilsson in Bruins zone.
19:51 of 1st period - Icing by Josh Manson.
19:52 of 1st period - Cody Eakin wins face-off versus Jonathan Toews in Bruins zone.
Goals for this period are 0 for Bruins vs 3 for Canucks.
Shots for this period are 14 for Bruins vs 13 for Canucks.
2nd period
0:01 of 2nd period - Robert Nilsson wins face-off versus Jonathan Toews in neutral zone.
0:06 of 2nd period - Snap shot by Robert Nilsson.
0:06 of 2nd period - Shot Misses the Net.
0:12 of 2nd period - Slapshot by Torey Krug.
0:12 of 2nd period - Stopped by Cory Schneider without a rebound.
0:13 of 2nd period - Jonathan Toews wins face-off versus Cody Eakin in Canucks zone.
0:16 of 2nd period - Wrist shot by Jonathan Toews.
0:16 of 2nd period - Stopped by Cory Schneider with a rebound.
0:40 of 2nd period - Jason Demers is hit by Ilya Kovalchuk and loses puck.
1:05 of 2nd period - Icing by Jason Akeson.
1:06 of 2nd period - Jonathan Toews wins face-off versus Maxim Talbot in Canucks zone.
1:13 of 2nd period - Wrist shot by Jonathan Toews.
1:13 of 2nd period - Shot Misses the Net.
1:23 of 2nd period - Snap shot by Jason Akeson.
1:23 of 2nd period - Shot Misses the Net.
1:39 of 2nd period - Wrist shot by Casey Cizikas.
1:39 of 2nd period - Stopped by Cory Schneider without a rebound.
1:40 of 2nd period - Robert Nilsson wins face-off versus Casey Cizikas in Canucks zone.
2:14 of 2nd period - Wrist shot by Jonathan Toews.
2:14 of 2nd period - Shot Blocked by Michael Kostka.
2:22 of 2nd period - Minor Penalty to Fabian Brunnstrom for Holding.
2:23 of 2nd period - Jonathan Toews wins face-off versus Robert Nilsson in Canucks zone.
2:28 of 2nd period - Snap shot by Zack Kassian.
2:28 of 2nd period - Stopped by Cory Schneider without a rebound.
2:29 of 2nd period - Jonathan Toews wins face-off versus Robert Nilsson in Canucks zone.
2:40 of 2nd period - Slapshot by Jason Demers.
2:40 of 2nd period - Goal by Jason Demers - Bruins : 1 - Canucks : 3.
2:41 of 2nd period - Jonathan Toews wins face-off versus Robert Nilsson in neutral zone.
4:39 of 2nd period - Wrist shot by Brad Boyes.
4:39 of 2nd period - Shot Misses the Net.
4:41 of 2nd period - Wrist shot by Brad Boyes.
4:41 of 2nd period - Shot Blocked by Josh Manson.
4:59 of 2nd period - Snap shot by Jason Akeson.
4:59 of 2nd period - Shot Blocked by Scott Hartnell.
5:01 of 2nd period - Slapshot by Ben Lovejoy.
5:01 of 2nd period - Stopped by Kevin Poulin without a rebound.
5:02 of 2nd period - Kevin Hayes wins face-off versus Ilya Kovalchuk in Bruins zone.
5:06 of 2nd period - Off-side.
5:07 of 2nd period - Kevin Hayes wins face-off versus Robert Nilsson in neutral zone.
5:38 of 2nd period - Wrist shot by Matt Read.
5:38 of 2nd period - Stopped by Cory Schneider with a rebound.
5:40 of 2nd period - Wrist shot by Casey Cizikas.
5:40 of 2nd period - Stopped by Cory Schneider with a rebound.
5:46 of 2nd period - Minor Penalty to Alex Goligoski for Hooking.
5:47 of 2nd period - Robert Nilsson wins face-off versus Jonathan Toews in Canucks zone.
6:18 of 2nd period - Wrist shot by Robert Nilsson.
6:18 of 2nd period - Stopped by Kevin Poulin without a rebound.
6:19 of 2nd period - Robert Nilsson wins face-off versus Scott Hartnell in Bruins zone.
6:36 of 2nd period - Snap shot by Zack Kassian.
6:36 of 2nd period - Shot Misses the Net.
7:00 of 2nd period - Yann Sauvé is hit by Kevin Hayes and loses puck.
7:46 of 2nd period - Penalty to Alex Goligoski is over, Alex Goligoski is back on ice.
8:10 of 2nd period - Icing by Madison Bowey.
8:11 of 2nd period - Maxim Talbot wins face-off versus Mikael Backlund in Bruins zone.
8:45 of 2nd period - Cody Eakin is hit by Scott Hartnell and loses puck.
8:56 of 2nd period - Snap shot by Robert Nilsson.
8:56 of 2nd period - Stopped by Kevin Poulin without a rebound.
8:57 of 2nd period - Casey Cizikas wins face-off versus Robert Nilsson in Bruins zone.
8:57 of 2nd period - Brendan Smith is hit by Ilya Kovalchuk and loses puck.
9:02 of 2nd period - Wrist shot by Robert Nilsson.
9:02 of 2nd period - Stopped by Kevin Poulin with a rebound.
9:04 of 2nd period - Slapshot by Alex Goligoski.
9:04 of 2nd period - Stopped by Kevin Poulin without a rebound.
9:05 of 2nd period - Robert Nilsson wins face-off versus Jonathan Toews in Bruins zone.
9:45 of 2nd period - Snap shot by Jonathan Toews.
9:45 of 2nd period - Shot Misses the Net.
9:47 of 2nd period - Slapshot by Zack Kassian.
9:47 of 2nd period - Goal by Zack Kassian - Bruins : 2 - Canucks : 3.
9:48 of 2nd period - Kevin Hayes wins face-off versus Robert Nilsson in neutral zone.
9:52 of 2nd period - Off-side.
9:53 of 2nd period - Robert Nilsson wins face-off versus Kevin Hayes in neutral zone.
10:03 of 2nd period - Jeff Schultz is hit by Torey Krug and loses puck.
10:25 of 2nd period - Minor Penalty to Brad Boyes for Slashing.
10:26 of 2nd period - Robert Nilsson wins face-off versus Jonathan Toews in Canucks zone.
10:26 of 2nd period - Robert Nilsson is hit by Brendan Smith.
12:25 of 2nd period - Penalty to Brad Boyes is over, Brad Boyes is back on ice.
12:51 of 2nd period - Snap shot by Brad Boyes.
12:51 of 2nd period - Stopped by Kevin Poulin without a rebound.
12:52 of 2nd period - Fabian Brunnstrom wins face-off versus Mikael Backlund in Bruins zone.
13:05 of 2nd period - Minor Penalty to Brad Boyes for High sticking.
13:06 of 2nd period - Robert Nilsson wins face-off versus Jonathan Toews in Canucks zone.
15:05 of 2nd period - Penalty to Brad Boyes is over, Brad Boyes is back on ice.
15:07 of 2nd period - Michael Kostka is hit by Matt Read and loses puck.
15:12 of 2nd period - Snap shot by Matt Read.
15:12 of 2nd period - Shot Misses the Net.
15:43 of 2nd period - Slapshot by Jason Akeson.
15:43 of 2nd period - Shot Misses the Net.
15:45 of 2nd period - Slapshot by Cam Barker.
15:45 of 2nd period - Stopped by Kevin Poulin without a rebound.
15:46 of 2nd period - Kevin Hayes wins face-off versus Cody Eakin in Bruins zone.
15:50 of 2nd period - Minor Penalty to Kevin Hayes for Holding Stick.
15:51 of 2nd period - Cody Eakin wins face-off versus Wojtek Wolski in Bruins zone.
16:07 of 2nd period - Off-side.
16:08 of 2nd period - Robert Nilsson wins face-off versus Wojtek Wolski in neutral zone.
16:10 of 2nd period - Off-side.
16:11 of 2nd period - Wojtek Wolski wins face-off versus Robert Nilsson in neutral zone.
17:03 of 2nd period - Slapshot by Alex Goligoski.
17:03 of 2nd period - Stopped by Kevin Poulin without a rebound.
17:04 of 2nd period - Jonathan Toews wins face-off versus Robert Nilsson in Bruins zone.
17:36 of 2nd period - Icing by Cody Eakin.
17:37 of 2nd period - Cody Eakin wins face-off versus Jonathan Toews in Canucks zone.
17:50 of 2nd period - Penalty to Kevin Hayes is over, Kevin Hayes is back on ice.
17:58 of 2nd period - Snap shot by Jason Akeson.
17:58 of 2nd period - Shot Misses the Net.
18:22 of 2nd period - Snap shot by Matt Read.
18:22 of 2nd period - Stopped by Cory Schneider without a rebound.
18:23 of 2nd period - Casey Cizikas wins face-off versus Robert Nilsson in Canucks zone.
18:24 of 2nd period - Slapshot by Matt Read.
18:24 of 2nd period - Shot Blocked by Cam Barker.
18:30 of 2nd period - Slapshot by Cam Barker.
18:30 of 2nd period - Shot Misses the Net.
18:32 of 2nd period - Slapshot by Robert Nilsson.
18:32 of 2nd period - Stopped by Kevin Poulin with a rebound.
18:34 of 2nd period - Slapshot by Cam Barker.
18:34 of 2nd period - Stopped by Kevin Poulin with a rebound.
18:36 of 2nd period - Slapshot by Ilya Kovalchuk.
18:36 of 2nd period - Stopped by Kevin Poulin with a rebound.
18:38 of 2nd period - Snap shot by Michael Kostka.
18:38 of 2nd period - Stopped by Kevin Poulin without a rebound.
18:39 of 2nd period - Cody Eakin wins face-off versus Jonathan Toews in Bruins zone.
19:27 of 2nd period - Backhand shot by Brad Boyes.
19:27 of 2nd period - Stopped by Kevin Poulin with a rebound.
Goals for this period are 2 for Bruins vs 0 for Canucks.
Shots for this period are 9 for Bruins vs 13 for Canucks.
3rd period
0:01 of 3rd period - Jonathan Toews wins face-off versus Sam Gagner in neutral zone.
0:26 of 3rd period - Cody Eakin is hit by Victor Oreskovich and loses puck.
0:53 of 3rd period - Casey Cizikas is hit by Michael Kostka and loses puck.
1:06 of 3rd period - Slapshot by Jason Demers.
1:06 of 3rd period - Stopped by Cory Schneider with a rebound.
1:08 of 3rd period - Snap shot by Jonathan Toews.
1:08 of 3rd period - Shot Misses the Net.
1:10 of 3rd period - Wrist shot by Wojtek Wolski.
1:10 of 3rd period - Shot Misses the Net.
1:26 of 3rd period - Victor Oreskovich is hit by Robert Nilsson and loses puck.
2:01 of 3rd period - Madison Bowey is hit by Jeff Schultz and loses puck.
2:26 of 3rd period - Wrist shot by Kris Chucko.
2:26 of 3rd period - Stopped by Cory Schneider with a rebound.
2:28 of 3rd period - Snap shot by Madison Bowey.
2:28 of 3rd period - Shot Blocked by Fabian Brunnstrom.
2:36 of 3rd period - Snap shot by Kris Chucko.
2:36 of 3rd period - Stopped by Cory Schneider without a rebound.
2:37 of 3rd period - Victor Oreskovich wins face-off versus Ilya Kovalchuk in Canucks zone.
2:46 of 3rd period - Snap shot by Kevin Hayes.
2:46 of 3rd period - Shot Misses the Net.
2:52 of 3rd period - Wrist shot by Kevin Hayes.
2:52 of 3rd period - Stopped by Cory Schneider without a rebound.
2:53 of 3rd period - Matt Read wins face-off versus Maxim Talbot in Canucks zone.
3:09 of 3rd period - Slapshot by Brandon Saad.
3:09 of 3rd period - Shot Misses the Net.
4:30 of 3rd period - Slapshot by Ilya Kovalchuk.
4:30 of 3rd period - Shot Misses the Net.
4:32 of 3rd period - Snap shot by Ilya Kovalchuk.
4:32 of 3rd period - Shot Hit the Post.
5:16 of 3rd period - Fabian Brunnstrom is hit by Victor Oreskovich.
5:47 of 3rd period - Wrist shot by Scott Hartnell.
5:47 of 3rd period - Stopped by Cory Schneider with a rebound.
5:49 of 3rd period - Slapshot by Torey Krug.
5:49 of 3rd period - Stopped by Cory Schneider with a rebound.
5:51 of 3rd period - Wrist shot by Kevin Hayes.
5:51 of 3rd period - Goal by Kevin Hayes - Bruins : 3 - Canucks : 3.
5:52 of 3rd period - Robert Nilsson wins face-off versus Jonathan Toews in neutral zone.
6:15 of 3rd period - Minor Penalty to Jonathan Toews for Delaying the game.
6:16 of 3rd period - Wojtek Wolski wins face-off versus Robert Nilsson in Bruins zone.
6:29 of 3rd period - Slapshot by Alex Goligoski.
6:29 of 3rd period - Goal by Alex Goligoski - Bruins : 3 - Canucks : 4.
6:30 of 3rd period - Jonathan Toews wins face-off versus Sam Gagner in neutral zone.
7:07 of 3rd period - Wrist shot by Victor Oreskovich.
7:07 of 3rd period - Stopped by Cory Schneider with a rebound.
7:13 of 3rd period - Scott Hartnell is hit by Brad Boyes and loses puck.
7:45 of 3rd period - Jason Demers is hit by Michael Kostka and loses puck.
8:29 of 3rd period - Torey Krug is hit by Cody Eakin.
8:33 of 3rd period - Mikael Backlund is hit by Fabian Brunnstrom and loses puck.
8:38 of 3rd period - Wrist shot by Fabian Brunnstrom.
8:38 of 3rd period - Shot Blocked by Madison Bowey.
8:40 of 3rd period - Snap shot by Ben Lovejoy.
8:40 of 3rd period - Stopped by Kevin Poulin with a rebound.
8:42 of 3rd period - Slapshot by Brad Boyes.
8:42 of 3rd period - Stopped by Kevin Poulin with a rebound.
9:12 of 3rd period - Andrei Kostitsyn is hit by Robert Nilsson and loses puck.
9:49 of 3rd period - Snap shot by Kevin Hayes.
9:49 of 3rd period - Stopped by Cory Schneider with a rebound.
9:51 of 3rd period - Wrist shot by Scott Hartnell.
9:51 of 3rd period - Goal by Scott Hartnell - Bruins : 4 - Canucks : 4.
9:52 of 3rd period - Robert Nilsson wins face-off versus Jonathan Toews in neutral zone.
9:57 of 3rd period - Snap shot by Alex Goligoski.
9:57 of 3rd period - Goal by Alex Goligoski - Bruins : 4 - Canucks : 5.
9:58 of 3rd period - Robert Nilsson wins face-off versus Jonathan Toews in neutral zone.
10:31 of 3rd period - Minor Penalty to Jason Demers for Hooking.
10:32 of 3rd period - Cody Eakin wins face-off versus Wojtek Wolski in Bruins zone.
10:38 of 3rd period - Slapshot by Alex Goligoski.
10:38 of 3rd period - Stopped by Kevin Poulin with a rebound.
10:40 of 3rd period - Slapshot by Jeff Schultz.
10:40 of 3rd period - Stopped by Kevin Poulin without a rebound.
10:41 of 3rd period - Zack Kassian wins face-off versus Cody Eakin in Bruins zone.
10:41 of 3rd period - Zack Kassian is hit by Fabian Brunnstrom.
10:58 of 3rd period - Snap shot by Cody Eakin.
10:58 of 3rd period - Shot Blocked by Alex Petrovic.
11:00 of 3rd period - Slapshot by Jeff Schultz.
11:00 of 3rd period - Shot Misses the Net.
11:02 of 3rd period - Snap shot by Brad Boyes.
11:02 of 3rd period - Goal by Brad Boyes - Bruins : 4 - Canucks : 6.
11:03 of 3rd period - Robert Nilsson wins face-off versus Jonathan Toews in neutral zone.
11:08 of 3rd period - Slapshot by Jeff Schultz.
11:08 of 3rd period - Stopped by Kevin Poulin without a rebound.
11:09 of 3rd period - Jonathan Toews wins face-off versus Robert Nilsson in Bruins zone.
11:40 of 3rd period - Wrist shot by Jeff Schultz.
11:40 of 3rd period - Deflect By Fabian Brunnstrom.
11:40 of 3rd period - Shot Misses the Net.
11:40 of 3rd period - Puck is out of play.
11:41 of 3rd period - Kevin Hayes wins face-off versus Cody Eakin in Bruins zone.
12:14 of 3rd period - Wrist shot by Brad Boyes.
12:14 of 3rd period - Shot Misses the Net.
12:16 of 3rd period - Backhand shot by Cody Eakin.
12:16 of 3rd period - Deflect By Brad Boyes.
12:16 of 3rd period - Stopped by Kevin Poulin with a rebound.
12:18 of 3rd period - Slapshot by Brad Boyes.
12:18 of 3rd period - Stopped by Kevin Poulin with a rebound.
12:20 of 3rd period - Wrist shot by Brad Boyes.
12:20 of 3rd period - Shot Misses the Net.
12:22 of 3rd period - Slapshot by Brad Boyes.
12:22 of 3rd period - Shot Blocked by Madison Bowey.
12:28 of 3rd period - Backhand shot by Fabian Brunnstrom.
12:28 of 3rd period - Stopped by Kevin Poulin without a rebound.
12:29 of 3rd period - Kevin Hayes wins face-off versus Robert Nilsson in Bruins zone.
14:06 of 3rd period - Wrist shot by Kevin Hayes.
14:06 of 3rd period - Stopped by Cory Schneider with a rebound.
14:51 of 3rd period - Snap shot by Brandon Saad.
14:51 of 3rd period - Deflect By Jason Akeson.
14:51 of 3rd period - Shot Misses the Net.
14:51 of 3rd period - Puck is out of play.
14:52 of 3rd period - Jonathan Toews wins face-off versus Robert Nilsson in Bruins zone.
15:19 of 3rd period - Michael Kostka is hit by Matt Read and loses puck.
16:06 of 3rd period - Snap shot by Ilya Kovalchuk.
16:06 of 3rd period - Stopped by Kevin Poulin without a rebound.
16:07 of 3rd period - Andrei Kostitsyn wins face-off versus Robert Nilsson in Bruins zone.
18:12 of 3rd period - Zack Kassian is hit by Alex Goligoski and loses puck.
18:39 of 3rd period - Slapshot by Mikael Backlund.
18:39 of 3rd period - Shot Misses the Net.
Goals for this period are 2 for Bruins vs 3 for Canucks.
Shots for this period are 11 for Bruins vs 12 for Canucks.